 Dungeon Crawl Stone Soup version 0.20.1-1-g8b1a95d (webtiles) character file.

1833 theAP the Thaumaturge (level 8, -6/41 HPs)
             Began as a Deep Elf Wizard on Sept 18, 2017.
             Was a Follower of Vehumet.
             Mangled by a gnoll
             ... wielding a +0 halberd
              (15 damage)
             ... on level 7 of the Dungeon.
             The game lasted 00:23:26 (8610 turns).

theAP the Thaumaturge (Deep Elf Wizard)             Turns: 8610, Time: 00:23:27

Health: -6/41      AC:  5    Str:  6    XL:     8   Next: 86%
Magic:  5/23       EV: 13    Int: 26    God:    Vehumet [*.....]
Gold:   246        SH:  0    Dex: 13    Spells: 13/25 levels left

rFire    x x .     SeeInvis .   e - +3 short sword (freeze)
rCold    + + .     Gourm    .   (no shield)
rNeg     . . .     Faith    .   o - +2 robe {Archmagi}
rPois    .         Spirit   .   b - +1 hat
rElec    .         Reflect  .   (no cloak)
rCorr    .         Harm     .   (no gloves)
MR       .....     Clarity  +   (no boots)
Stlth    ++........             (no amulet)
Regen    0.2/turn               j - ring of ice
MPRegen  0.2/turn               n - ring of ice

@: very slightly contaminated
A: hooves 1, clarity, strong 1
a: Renounce Religion


You were on level 7 of the Dungeon.
You worshipped Vehumet.
Vehumet was aware of your devotion.
You were not hungry.

You visited 2 branches of the dungeon, and saw 8 of its levels.

You collected 246 gold pieces.

Inventory:

Hand Weapons
 e - a +3 short sword of freezing (weapon)
Armour
 a - a +0 robe
 b - a +1 hat (worn)
 o - a +2 robe of the Archmagi (worn)
 u - a +0 pair of gloves
Jewellery
 j - a ring of ice (left hand)
 n - a ring of ice (right hand)
Wands
 f - a wand of iceblast (12/15)
 l - a wand of iceblast (6/15)
 q - a wand of acid (4/15)
Scrolls
 h - 4 scrolls of remove curse
 r - a scroll of identify
 t - a scroll of teleportation
Potions
 i - a potion of degeneration
 m - a potion of mutation
 p - a potion of magic
 s - a potion of agility
Books
 c - a book of Minor Magic

   Spells                             Type                      Level
   a - Magic Dart                     Conjuration                  1
   b - Blink                          Translocation                2
   c - Call Imp                       Summoning                    2
   d - Slow                           Hexes                        2
   e - Conjure Flame                  Conjuration/Fire             3
   f - Mephitic Cloud                 Conjuration/Poison/Air       3
 g - a book of Frost

   Spells                             Type                      Level
   a - Freeze                         Ice                          1
   b - Throw Frost                    Conjuration/Ice              2
   c - Ozocubu's Armour               Charms/Ice                   3
   d - Throw Icicle                   Conjuration/Ice              4
   e - Summon Ice Beast               Ice/Summoning                4
Comestibles
 d - 4 bread rations
 k - a royal jelly


   Skills:
 + Level 6.3 Short Blades
 - Level 2.4 Dodging
 - Level 2.4 Stealth
 + Level 9.2 Spellcasting
 + Level 6.8 Conjurations
   Level 1.1 Summonings
 - Level 1.1 Translocations
 + Level 3.8 Ice Magic


You had 13 spell levels left.
You knew the following spells:

 Your Spells              Type           Power        Failure   Level  Hunger
a - Magic Dart            Conj           ####         1%          1    None
b - Mephitic Cloud        Conj/Pois/Air  #####...     6%          3    None
c - Blink                 Tloc           N/A          4%          2    None
d - Throw Frost           Conj/Ice       ######       1%          2    None
e - Throw Icicle          Conj/Ice       #######.     5%          4    #......


Dungeon Overview and Level Annotations

Branches:
Dungeon (7/15)             Temple (1/1) D:5

Altars:
Cheibriados
Fedhas
Nemelex Xobeh
Okawaru
Qazlal
Ru
Vehumet
The Shining One

Annotations:
D:7 Ratty's ghost, novice OpAE


Innate Abilities, Weirdness & Mutations

You have large cloven feet.
You possess an exceptional clarity of mind.
Your muscles are strong. (Str +2)


Message History

You feel a huge surge of power!
The puff of frost hits the gnoll.
You kill the gnoll!
Vehumet accepts your kill.
Casting: Throw Frost
Confirm with . or Enter, or press ? or * to list all spells.
Aiming: Throw Frost
Press: ? - help, Shift-Dir - straight line, f - gnoll
Aim: a gnoll, wielding a halberd You feel a huge surge of power!
You miscast Throw Frost.
You are very lightly contaminated with residual magic.
You feel a strange surge of energy! The gnoll misses you.
Casting: Throw Frost
Confirm with . or Enter, or press ? or * to list all spells.
Aiming: Throw Frost
Press: ? - help, Shift-Dir - straight line, f/p - gnoll
Aim: a gnoll, wielding a halberd You feel a huge surge of power!
The puff of frost hits the gnoll.
The gnoll is moderately wounded.
The gnoll hits you from afar with a halberd!
You die...

##################
#.................
#..........[..####
#@###########.#
#)# #######.# #g#
#....##.#
##.#####....##.#
#......#....##.#
#......#...5##.#
#.>....g........
#...(..#####...#
#......# '


You could see a gnoll.

Vanquished Creatures
  The ghost of BGT the Shield-Bearer, a novice FoFi (D:4)
  Grinder (D:5)
  An orc warrior (D:7)
  An ice beast (D:5)
  A sky beast (D:6)
  An ogre (D:4)
  A scorpion (D:5)
  A crimson imp (D:7)
  2 bullfrog zombies
  3 bullfrog skeletons
  3 orc priests
  A hound (D:4)
  Jessica (D:3)
  2 iguanas
  4 orc wizards
  5 worker ants
  A worker ant zombie (D:6)
  6 adders
  9 gnolls
  A howler monkey skeleton (D:4)
  An ooze (D:3)
  5 worms
  7 dart slugs
  6 leopard geckos
  21 orcs
  4 bats
  6 giant cockroaches
  6 goblins
  7 hobgoblins
  4 jackals (D:2)
  A ball python (D:1)
  A ball python skeleton (D:4)
  7 frilled lizards
  A jackal skeleton (D:4)
  6 kobolds
  A leopard gecko skeleton (D:4)
  6 rats
136 creatures vanquished.

Notes
Turn   | Place    | Note
-------+----------+-------------------------------------------
     0 | D:1      | theAP the Deep Elf Wizard began the quest for the Orb.
     0 | D:1      | Reached XP level 1. HP: 10/10 MP: 7/7
   430 | D:1      | Reached XP level 2. HP: 15/15 MP: 2/9
   921 | D:1      | Reached skill level 1 in Short Blades
  1442 | D:2      | Reached XP level 3. HP: 11/19 MP: 4/11
  1700 | D:2      | Found a snail-covered altar of Cheibriados.
  1743 | D:2      | Learned a level 3 spell: Mephitic Cloud
  2164 | D:2      | Reached XP level 4. HP: 15/24 MP: 8/12
  2457 | D:2      | Reached skill level 5 in Spellcasting
  2773 | D:3      | Noticed Jessica
  2776 | D:3      | Killed Jessica
  2776 | D:3      | Reached XP level 5. HP: 28/28 MP: 10/14
  2815 | D:3      | Gained mutation: You are weak. (Str -2) [potion of mutation]
  2815 | D:3      | Gained mutation: Your spells are a little harder to cast, but a little more powerful. [potion of mutation]
  3096 | D:3      | Lost mutation: You are weak. (Str -2) [potion of mutation]
  3096 | D:3      | Lost mutation: Your spells are a little harder to cast, but a little more powerful. [potion of mutation]
  3096 | D:3      | Gained mutation: You have large cloven feet. [potion of mutation]
  3096 | D:3      | Gained mutation: Your muscles are strong. (Str +2) [potion of mutation]
  3096 | D:3      | Gained mutation: You possess an exceptional clarity of mind. [potion of mutation]
  3586 | D:3      | Learned a level 2 spell: Blink
  4041 | D:4      | Noticed BGT's ghost (novice FoFi)
  4064 | D:4      | HP: 1/42 [BGT's ghost (6)]
  4067 | D:4      | Killed BGT's ghost
  4067 | D:4      | Reached skill level 6 in Spellcasting
  4067 | D:4      | Reached XP level 6. HP: 1/32 MP: 12/17
  4067 | D:4      | Reached XP level 7. HP: 1/36 MP: 13/19
  4412 | D:4      | Reached skill level 7 in Spellcasting
  4412 | D:4      | Reached skill level 5 in Conjurations
  4685 | D:4      | Found a sacrificial altar of Ru.
  5091 | D:4      | Found an iron altar of Okawaru.
  5762 | D:4      | Learned a level 2 spell: Throw Frost
  5767 | D:4      | Learned a level 4 spell: Throw Icicle
  5948 | D:4      | Reached skill level 5 in Short Blades
  6354 | D:5      | Entered Level 5 of the Dungeon
  6378 | D:5      | Reached skill level 8 in Spellcasting
  6378 | D:5      | Reached skill level 1 in Ice Magic
  6378 | D:5      | Reached XP level 8. HP: 19/41 MP: 14/22
  6700 | D:5      | Found a sacrificial altar of Ru.
  6708 | D:5      | Noticed Grinder
  6713 | D:5      | Killed Grinder
  6896 | D:5      | Found a staircase to the Ecumenical Temple.
  6907 | Temple   | Entered the Ecumenical Temple
  6913 | Temple   | Became a worshipper of Vehumet
  7888 | D:6      | Reached skill level 9 in Spellcasting
  8406 | D:7      | Noticed Ratty's ghost (novice OpAE)
  8570 | D:7      | Reached * piety under Vehumet
  8570 | D:7      | Offered knowledge of Flame Tongue by Vehumet.
  8610 | D:7      | Mangled by a gnoll

Skill      XL: |  1  2  3  4  5  6  7  8 |
---------------+-------------------------+-----
Conjurations   | 2 3 4 5 6 |  6.8
Short Blades   | 1 2 4 5 6 |  6.3
Spellcasting   | 5 6 8 9 |  9.2
Ice Magic      | 1 3 |  3.8
Dodging        | |  2.4
Stealth        | |  2.4
Summonings     | |  1.1
Translocations | |  1.1

Action                   |  1- 3 |  4- 6 |  7- 9 || total
-------------------------+-------+-------+-------++-------
Melee: Short sword       |    20 |    21 |   105 ||   146
       Kick              |       |       |    12 ||    12
 Cast: Magic Dart        |    99 |    90 |    78 ||   267
       Throw Frost       |       |       |    85 ||    85
       Mephitic Cloud    |       |       |     1 ||     1
       Throw Icicle      |       |       |    12 ||    12
Evoke: Wand              |       |     1 |       ||     1
  Use: Scroll            |     5 |     3 |     8 ||    16
       Potion            |       |     5 |     3 ||     8
  Eat: Bread ration      |     1 |       |       ||     1
       Chunk             |       |     5 |     9 ||    14
       Royal jelly       |       |       |     3 ||     3
Armor: Robe              |     4 |     4 |    24 ||    32
       Skin              |       |     7 |    39 ||    46
Dodge: Dodged            |    19 |     5 |    82 ||   106
